 Dungeon Crawl Stone Soup version 0.30.0-10-gfe55d96785 (webtiles) character file.

Game seed: 7202515454589485540

52 Persephone the Shooter (level 3, -2/22 HPs)
             Began as a Deep Elf Hunter on May 15, 2023.
             Slain by an orc wizard
             ... wielding a +0 dagger
              (3 damage)
             ... on level 3 of the Dungeon.
             The game lasted 00:04:16 (1238 turns).

Persephone the Shooter (Deep Elf Hunter)            Turns: 1238, Time: 00:04:17

Health: -2/22      AC:  3    Str:  8    XL:     3   Next: 60%
Magic:  5/5        EV: 12    Int: 13    God:
Gold:   87         SH:  0    Dex: 20    Spells: 2/2 levels left

rFire   . . .        a - +0 shortbow (flame)
rCold   + . .        (shield currently unavailable)
rNeg    . . .        c - +0 leather armour
rPois   .            m - +0 hat
rElec   .            (no cloak)
rCorr   .            (no gloves)
SInv    .            (no boots)
Will    .....        (no amulet)
Stlth   ++           l - ring of protection from cold
HPRegen 0.23/turn    (no ring)
MPRegen 0.09/turn

%: no passive effects
@: no status effects
A: no striking features
a: no special abilities


You were on level 3 of the Dungeon.
You visited 1 branch of the dungeon, and saw 3 of its levels.

You collected 87 gold pieces.

Inventory:

Hand Weapons
 a - a +0 shortbow of flaming (weapon)
 d - a +2 short sword of electrocution
Missiles
 h - a throwing net
Armour
 c - a +0 leather armour (worn)
 m - a +0 hat (worn)
Jewellery
 l - a ring of protection from cold (left hand)
Scrolls
 b - 2 scrolls of immolation
 k - a scroll of amnesia
Potions
 e - a potion of brilliance {unknown}
 f - a potion of attraction
 g - a potion of lignification
 j - a potion of degeneration {unknown}


   Skills:
 + Level 2.5 Fighting
 + Level 6.3 Ranged Weapons
 - Level 2.4 Dodging
 - Level 1.2 Stealth


You had 2 spell levels left.
You didn't know any spells.
Your spell library contained the following spells:

 Spells                   Type           Power      Damage    Failure   Level
 Cigotuvi's Dreadful Rot  Necr/Pois/Air  0%         N/A       56%         2
 Ignite Poison            Fire/Tmut/Pois 0%         N/A       80%         3
 Freezing Cloud           Conj/Ice/Air   0%         6-21      100%        5


Dungeon Overview and Level Annotations

Branches:
Dungeon (3/15)

Altars:
Ru

Shops:
D:2 [


Message History

Aim: an orc, wielding a +0 hand axe (heavily wounded, 66% to hit)
You shoot an arrow.
The arrow hits the orc but does no damage.
The orc is heavily wounded.
The orc wizard closely misses you. The orc hits you with a +0 hand axe.
The orc misses you.
The orc wizard gestures wildly while chanting.
The orc wizard flickers and vanishes!
Fire: a) +0 shortbow (flame)
Press: ? - help, Shift-Dir - straight line, f/p - orc
Aim: an orc, wielding a +0 hand axe (heavily wounded, 66% to hit)
You shoot an arrow. The arrow hits the orc!
The arrow burns the orc.
You kill the orc!
Something hits you. x2
* * * LOW HITPOINT WARNING * * *
Unknown command.
The air fills with toxic fumes!
As you read the scroll labelled CEHOECUMEKH, it crumbles to dust.
It was a scroll of poison.
Something hits you.
* * * LOW HITPOINT WARNING * * *
Something hits you but does no damage.
Really quaff the potion of lignification? [Y]es or [N]o only, please.
Really quaff the potion of lignification?
Okay, then.
It was a potion of curing.
You feel better.
Something hits you but does no damage. x2
Fire: a) +0 shortbow (flame)
Press: ? - help, Shift-Dir - straight line, f - goblin
Aim: a goblin, wielding a +0 dagger (60% to hit)
You shoot an arrow. Something hits you. x2
* * * LOW HITPOINT WARNING * * *
Unknown command.
Fire: a) +0 shortbow (flame)
Press: ? - help, Shift-Dir - straight line, f/p - goblin
Aim: a goblin, wielding a +0 dagger (60% to hit)
You shoot an arrow. Something hits you.
* * * LOW HITPOINT WARNING * * *
Something hits you.
You die...

#. #. §§§§ #. §§§# #.
#§§§### #.## §§§§§§§ ..#
§§§§§## #.# §§§§§§§
####<# ####{§§§§# ..<..#
##§§@§§§§§# ####.#
#§§##{§§###
####.#######§#.##§§§§§§§
..........§§###.#§§g###§
####.#######.#(##§§§§§
#...#######..##§#§###
#..............§#§§
#...#######....§§##§
##.## #.#..#....


You could see a goblin.

Vanquished Creatures
  A gnoll (D:1)
  A worm (D:2)
  An orc (D:3)
  4 bats
  3 endoplasms
  A giant cockroach (D:2)
  5 goblins
  3 hobgoblins
  5 kobolds
  2 quokkas
  4 ball pythons
  4 frilled lizards (D:1)
  4 rats
38 creatures vanquished.

Notes
Turn   | Place    | Note
-------+----------+-------------------------------------------
     0 | D:1      | Persephone the Deep Elf Hunter began the quest for the Orb.
     0 | D:1      | Reached XP level 1. HP: 12/12 MP: 3/3
   106 | D:1      | Reached XP level 2. HP: 17/17 MP: 4/4
   312 | D:1      | Reached skill level 6 in Ranged Weapons
   430 | D:1      | Reached XP level 3. HP: 21/21 MP: 5/5
   815 | D:2      | Found Zaut Zube's Antique Armour Shop.
  1063 | D:2      | Found a sacrificial altar of Ru.
  1238 | D:3      | HP: 1/22 [something (4)]
  1238 | D:3      | Slain by an orc wizard

Illustrated notes

Levels and vault maps discovered:
D:1:      dpeg_arrival_tiny_i, layout_basic, minmay_crystal_water
D:2:      layout_rooms, basic_altar, serial_shops, shop
D:3:      layout_loops_ring, ebering_ghost_reflecting_pool,
          nicolae_nh_oracle_at_delphi

Skill      XL: |  1  2 |
---------------+-------+-----
Fighting       | 2 |  2.5
Ranged Weapons | 6 |  6.3
Dodging        | |  2.4
Stealth        | |  1.2

Action                     || total
---------------------------++-------
  Melee: Short sword       ||    36
   Fire: Shortbow          ||    48
    Use: Scroll            ||     8
         Potion            ||     1
   Stab: Sleeping          ||     3
 Armour: Leather armour    ||    15
  Dodge: Dodged            ||    27
